 Dungeon Crawl Stone Soup version 0.29-a0-676-ga64570c9d2 (webtiles) character file.

Game seed: 11731337240977625655

3813 YayAnonymity the Basher (level 9, -3/85 HPs)
             Began as a Troll Gladiator on June 24, 2022.
             Was an Initiate of Ashenzari.
             Slain by a killer bee (5 damage)
             ... on level 8 of the Dungeon.
             The game lasted 00:10:50 (5273 turns).

YayAnonymity the Basher (Troll Gladiator)           Turns: 5273, Time: 00:10:50

Health: -3/85      AC: 12    Str: 26    XL:     9   Next: 97%
Magic:  8/8        EV: 11    Int:  6    God:    Ashenzari [......]
Gold:   283        SH:  0    Dex: 11    Spells: 8/8 levels left

rFire   . . .      SeeInvis .   a - +1 giant club (drain)
rCold   . . .      Faith    .   (shield currently unavailable)
rNeg    . . .      Spirit   .   n - +0 robe {Will+}
rPois   .          Reflect  .   y - +2 hat
rElec   .          Harm     .   F - +1 cloak
rCorr   .          Rampage  .   (gloves unavailable)
Will    +....                   (boots unavailable)
Stlth   +.........              g - amulet of magic regeneration
HPRegen 1.04/turn               h - ring of flight
MPRegen 0.51/turn               i - +4 ring of protection

@: lethally poisoned (-3 -> -5), flying
A: large, unfitting armour, claws 3, regeneration 1, shaggy fur 1, tough skin 1
a: Renounce Religion


You were on level 8 of the Dungeon.
You worshipped Ashenzari.
Ashenzari was noncommittal.
You visited 2 branches of the dungeon, and saw 9 of its levels.

You collected 307 gold pieces.
You spent 24 gold pieces at shops.

Inventory:

Hand Weapons
 a - a +1 giant club of draining (weapon)
 t - a +4 flail
 u - a +1 giant spiked club
Missiles
 b - 3 boomerangs
 d - 3 throwing nets
 e - a large rock
 r - 4 javelins
 v - 22 poisoned darts (quivered)
Armour
 n - a +0 robe of willpower (worn)
 y - a +2 hat (worn)
 F - a +1 cloak (worn)
Jewellery
 g - an amulet of magic regeneration (around neck)
 h - a ring of flight (left claw)
 i - a +4 ring of protection (right claw)
Wands
 x - a wand of iceblast (7)
 A - a wand of acid (4)
 D - a wand of paralysis (5)
 E - a wand of polymorph (3)
Scrolls
 c - a scroll of immolation
 m - 2 scrolls of fear
 o - 3 scrolls of teleportation
 B - a scroll of amnesia
Potions
 f - 2 potions of mutation
 j - a potion of might
 k - a potion of flight
 l - 4 potions of curing
 p - 2 potions of heal wounds
 q - 2 potions of invisibility
 s - 2 potions of lignification
 w - 2 potions of attraction
 z - a potion of ambrosia {unknown}


   Skills:
 + Level 4.6 Fighting
 * Level 10.4 Maces & Flails
 + Level 4.2 Throwing
 - Level 3.0 Armour
 + Level 4.6 Dodging


You had 8 spell levels left.
You didn't know any spells.
Your spell library contained the following spells:

 Spells                   Type           Power      Damage    Failure   Level
 Confusing Touch          Hex            0%         N/A       83%         3
 Conjure Flame            Conj/Fire      0%         6-21      83%         3
 Ignite Poison            Fire/Tmut/Pois 0%         N/A       83%         3
 Mephitic Cloud           Conj/Pois/Air  0%         N/A       83%         3
 Sticky Flame             Conj/Fire      0%         2d3       99%         4
 Freezing Cloud           Conj/Ice/Air   0%         6-21      100%        5
 Yara's Violent Unravell  Hex/Tmut       0%         3d3       100%        5
 Enfeeble                 Hex            0%         N/A       100%        7


Dungeon Overview and Level Annotations

Branches:
Dungeon (8/15)             Temple (1/1) D:4
   Lair: D:8-11

Altars:
Ashenzari
Cheibriados
Dithmenos
Elyvilon
Fedhas
Gozag
Hepliaklqana
Kikubaaqudgha
Makhleb
Nemelex Xobeh
Okawaru
Qazlal
Ru
Sif Muna
Trog
Uskayaw
Vehumet
Wu Jian
Xom
Yredelemnul
Zin

Shops:
D:4 ?


Innate Abilities, Weirdness & Mutations

You are too large for most types of armour.
You have claws for hands.
Your natural rate of healing is unusually fast.
You are covered in fur. (AC +1)
You have tough skin. (AC +1)


Message History

The killer bee is heavily wounded.
The killer bee stings you but does no damage.
The killer bee closely misses you.
You miss the killer bee.
The killer bee is heavily wounded.
The killer bee barely misses you.
The killer bee stings you but does no damage.
You barely miss the killer bee.
The killer bee is heavily wounded.
The killer bee stings you.
* * * LOW HITPOINT WARNING * * *
You are poisoned.
The killer bee poisons you!
The killer bee stings you but does no damage.
You barely miss the killer bee.
The killer bee is heavily wounded.
You feel sick.
The killer bee stings you but does no damage.
The killer bee closely misses you.
You closely miss the killer bee.
The killer bee is heavily wounded.
You feel sick. The killer bee stings you.
* * * LOW HITPOINT WARNING * * *
The killer bee stings you.
* * * LOW HITPOINT WARNING * * *
You are more poisoned.
The killer bee poisons you!
You closely miss the killer bee.
The killer bee is heavily wounded.
* * * LOW HITPOINT WARNING * * *
You feel very sick. The killer bee stings you.
* * * LOW HITPOINT WARNING * * *
The killer bee stings you but does no damage.
You barely miss the killer bee.
The killer bee is heavily wounded.
* * * LOW HITPOINT WARNING * * *
You feel very sick. The killer bee barely misses you.
The killer bee stings you.
You die...

...........# ###
....).......# ...
[...........##
....###.##.........#
..#....<########.# .
...<#.#### #.# ....
#......#######.#
.....##y.....†.......#
.......@.....#########
..$..##†.....# ...
#......# . #......#
#......# #......#
#......# ..........#
..........#


You could see a killer bee.

Vanquished Creatures
  Pikel (D:7)
  Sigmund (D:2)
  3 yaks (D:8)
  5 ice beasts
  A sky beast (D:7)
  A lemure (D:7)
  3 ogres
  4 phantoms
  2 kobold brigands (D:6)
  A bullfrog (D:7)
  4 scorpions
  3 necrophages
  9 killer bees (D:8)
  3 howler monkeys (D:6)
  2 hounds (D:6)
  A jelly (D:7)
  Crazy Yiuf (D:7)
  4 orc priests
  4 orc wizards
  2 iguanas
  3 adders
  An ufetubus (D:4)
  4 dart slugs
  18 orcs
  8 endoplasms
  2 giant cockroaches
  8 hobgoblins
  7 quokkas
  12 ball pythons
  5 bats (D:1)
  6 frilled lizards
  3 goblins
  16 kobolds
  7 rats
155 creatures vanquished.

Notes
Turn   | Place    | Note
-------+----------+-------------------------------------------
     0 | D:1      | YayAnonymity the Troll Gladiator began the quest for the
                  | Orb.
     0 | D:1      | Reached XP level 1. HP: 19/19 MP: 0/0
    82 | D:1      | Reached XP level 2. HP: 27/28 MP: 1/1
   178 | D:1      | Reached skill level 3 in Maces & Flails
   436 | D:1      | Reached XP level 3. HP: 35/35 MP: 2/2
   895 | D:2      | Noticed Sigmund
   913 | D:2      | Killed Sigmund
   914 | D:2      | Reached skill level 4 in Maces & Flails
   914 | D:2      | Reached skill level 1 in Armour
   914 | D:2      | Reached XP level 4. HP: 7/44 MP: 3/3
   914 | D:2      | Reached XP level 5. HP: 8/50 MP: 4/4
  1060 | D:2      | You fall into a shaft and drop 2 floors!
  1498 | D:2      | Found a faded altar of an unknown god.
  1830 | D:3      | Reached XP level 6. HP: 33/59 MP: 5/5
  2430 | D:4      | Reached skill level 5 in Maces & Flails
  2507 | D:4      | Reached XP level 7. HP: 50/67 MP: 6/6
  2655 | D:4      | Found Cutorr's Magic Scroll Boutique.
  2684 | D:4      | Bought a scroll of identify for 24 gold pieces
  2697 | D:4      | Found a staircase to the Ecumenical Temple.
  2738 | Temple   | Entered the Ecumenical Temple
  2874 | D:4      | Reached skill level 6 in Maces & Flails
  3084 | D:5      | Entered Level 5 of the Dungeon
  3187 | D:5      | Reached skill level 7 in Maces & Flails
  3282 | D:5      | Reached XP level 8. HP: 64/75 MP: 7/7
  3622 | D:6      | Reached skill level 8 in Maces & Flails
  3869 | D:6      | Reached skill level 9 in Maces & Flails
  4232 | D:7      | Reached XP level 9. HP: 74/83 MP: 8/8
  4450 | D:7      | Found a shimmering altar of Xom.
  4451 | D:7      | Found a broken altar of Ashenzari.
  4451 | D:7      | Found a bloodstained altar of Trog.
  4452 | D:7      | Found a shimmering blue altar of Sif Muna.
  4452 | D:7      | Found an ornate altar of the Wu Jian Council.
  4452 | D:7      | Found an opulent altar of Gozag.
  4454 | D:7      | Found a hazy altar of Hepliaklqana.
  4454 | D:7      | Found a radiant altar of Vehumet.
  4454 | D:7      | Found a stormy altar of Qazlal.
  4458 | D:7      | Became a worshipper of Ashenzari the Shackled
  4712 | D:7      | Noticed Pikel
  4734 | D:7      | Killed Pikel
  4735 | D:7      | Reached skill level 10 in Maces & Flails
  4891 | D:7      | Found a runed translucent door.
  4892 | D:7      | Noticed Crazy Yiuf
  4972 | D:7      | Killed Crazy Yiuf
  5254 | D:8      | HP: 4/85 [killer bee (4)]
  5264 | D:8      | HP: 4/85 [poisoned by a killer bee]
  5272 | D:8      | HP: 4/85 [killer bee (3)]
  5273 | D:8      | Slain by a killer bee

Illustrated notes

Levels and vault maps discovered:
D:1:      nzn_arrival_settlement, layout_basic
D:2:      layout_basic, shapermc_ecumenical_altar_mp_ritualfount, uniq_sigmund
D:3:      layout_loops_ring
D:4:      layout_basic, minmay_temple_entry_drinking_statues, serial_shops,
          nicolae_inconvenience_store
D:5:      layout_rooms
D:6:      layout_cave_pools
D:7:      layout_rooms, nicolae_overflows_in_rows, hangedman_decor_opposing,
          uniq_crazy_yiuf_cottage, uniq_pikel
D:8:      layout_basic, uniq_grum, uniq_maurice, uniq_prince_ribbit1
Temple:   nicolae_temple_hex_pool

Skill      XL: |  1  2  3  4  5  6  7  8  9 |
---------------+----------------------------+-----
Maces & Flails | 3 4 5 7 9 10 | 10.4
Fighting       | 2 3 4 |  4.6
Armour         | 1 2 3 |  3.0
Dodging        | 3 4 |  4.6
Throwing       | 2 4 |  4.2

Action                   |  1- 3 |  4- 6 |  7- 9 || total
-------------------------+-------+-------+-------++-------
Melee: Flail             |   135 |   103 |       ||   238
       Punch             |       |     2 |       ||     2
       Giant club        |       |    13 |   326 ||   339
Throw: Dart              |       |       |     1 ||     1
  Use: Scroll            |       |     9 |    10 ||    19
       Potion            |       |       |     5 ||     5
 Stab: Sleeping          |     2 |     3 |       ||     5
       Distracted        |       |       |     1 ||     1
Armor: Robe              |    55 |    26 |   246 ||   327
Dodge: Dodged            |    92 |    52 |   279 ||   423

Table legend: (Time is in decaauts)
 A = Elapsed time spent in this place.
 B = Non-inter-level travel time spent in this place.
 C = Inter-level travel time spent in this place.
 D = Time resting spent in this place.
 E = Time spent auto-exploring this place.
 F = Levels seen in this place.
 G = Mean time per level.
                   A        B        C        D        E       F      G
               +--------+--------+--------+--------+--------+-----+--------+
         Total |   5385 |   5144 |    241 |    209 |   3433 |   9 |  598.3 |
       Dungeon |   5311 |   5077 |    234 |    209 |   3381 |   8 |  663.9 |
        Temple |     73 |     66 |      7 |      0 |     52 |   1 |   73.0 |
               +--------+--------+--------+--------+--------+-----+--------+

Top non-repeatable levels by time:
     D:2: 929 daAuts
     D:7: 829 daAuts
     D:1: 746 daAuts
     D:3: 705 daAuts
     D:4: 692 daAuts
     D:6: 642 daAuts
     D:5: 514 daAuts
     D:8: 252 daAuts
  Temple: 73 daAuts
